Map: Dämmertürme

Players

fragleader

  • Race: Protoss Protoss
  • League: Silver

SashaGrey - Winner!

  • Race: Zerg Zerg

VOD

Have the link to the VOD?

Description

Time

  • Played on: Dec. 15, 2015, 3:37 p.m.
  • Length: 6:14
Show
View Real Time Build Order
Export as new Build Order

fragleader Protoss 

Build Orders:  

Get SALT Encoding   

  12  0:01  Probe (Chrono Boost)  
  13  0:11  Probe (Chrono Boost)  
  14  0:21  Pylon  
  14  0:22  Probe (Chrono Boost)  
  15  0:39  Probe (Chrono Boost)  
  16  0:46  Gateway  
  17  0:50  Probe (Chrono Boost)  
  17  0:57  Gateway  
  17  1:00  Probe (Chrono Boost)  
  18  1:06  Pylon  
  18  1:11  Probe (Chrono Boost)  
  19  1:15  Assimilator  
  19  1:21  Probe (Chrono Boost)  
  20  1:38  Probe (Chrono Boost)  
  21  1:43  Cybernetics Core  
  21  1:44  Assimilator  
  21  1:57  Zealot  
  21  1:58  Zealot  
  25  2:03  Probe (Chrono Boost)  
  26  2:19  Warp Gate (Chrono Boost)  
  26  2:31  Probe  
  26  2:32  Nexus  
  27  2:38  Pylon  
  27  2:52  Probe  
  27  2:54  Stalker  
  27  2:56  Sentry  
  32  3:04  Probe  
  33  3:08  Pylon  
  33  3:16  Probe  
  34  3:28  Stalker  
  34  3:29  Stalker  
  34  3:31  Probe  
  39  3:43  Probe x2  
  41  3:48  Assimilator  
  41  3:55  Mothership Core  
  43  4:01  Probe  
  44  4:11  Robotics Facility  
  44  4:12  Probe  
  44  4:13  Forge  
  44  4:16  Probe  
  46  4:17  Sentry x2  
  33  4:48  Zealot  
  33  4:49  Zealot  
  27  5:12  Zealot x2  
  10  5:30  Probe  
  10  5:32  Probe  
  10  5:41  Probe  
  9  5:44  Probe, Zealot  
  9  5:45  Zealot  
  10  5:54  Probe  
  10  5:56  Probe  
Show
View Real Time Build Order
Export as new Build Order

SashaGrey Zerg - Winner!

Build Orders: Hatch First 

Get SALT Encoding   

  12  0:01  Drone  
  13  0:12  Overlord  
  13  0:20  Drone  
  14  0:30  Drone  
  14  0:31  Drone  
  17  0:35  Drone  
  17  0:48  Drone  
  18  0:57  Hatchery  
  17  1:10  Spawning Pool  
  16  1:11  Extractor  
  16  1:13  Drone  
  16  1:25  Drone x2  
  18  1:36  Drone  
  19  1:47  Drone  
  20  2:00  Queen  
  22  2:03  Overlord  
  22  2:08  Queen  
  22  2:12  Drone x2  
  22  2:13  Drone  
  27  2:23  Metabolic Boost  
  27  2:41  Zergling x2  
  27  2:42  Zergling x6  
  31  2:51  Baneling Nest  
  31  2:53  Extractor  
  29  3:02  Zergling x8  
  33  3:26  Zergling x6  
  36  3:28  Overlord x4  
  36  3:39  Baneling x7  
  36  3:49  Zergling x2  
  36  3:50  Zergling x12  
  43  4:01  Overlord x2  
  43  4:09  Zergling x2  
  44  4:10  Zergling x4  
  46  4:30  Zergling x2  
  46  4:31  Zergling x14  
  46  4:49  Zergling x2  
  46  4:50  Zergling x4  
  46  5:03  Zergling x2  
  46  5:04  Zergling x4  
  42  5:19  Zergling x2  
  42  5:20  Zergling x4  
  34  5:36  Drone  
  34  5:37  Drone x2  
  35  6:01  Hatchery  
Tags
 
Add a new tag
Caveats
  • Supply blocks, unpowered buildings, or Contaminate may cause inaccurate times.
  • Supply counts are checked every 10 seconds.